 Dungeon Crawl Stone Soup version 0.21-a0-401-g0b6bec4 (webtiles) character file.

114 gungr the Insei (level 4, 0/28 HPs)
             Began as an Octopode Transmuter on Oct 23, 2017.
             Slain by a river rat (7 damage)
             ... summoned by Eustachio
             ... on level 4 of the Dungeon on Oct 24, 2017.
             The game lasted 00:11:14 (2931 turns).

gungr the Insei (Octopode Transmuter)               Turns: 2931, Time: 00:11:16

Health: 0/28       AC:  1    Str:  9      XL:     4   Next: 98%
Magic:  0/7        EV: 12    Int: 16      God:
Gold:   96         SH:  0    Dex:  3 (12) Spells: 6/7 levels left

rFire    . . .     SeeInvis .     - Unarmed
rCold    . . .     Gourm    .   (no shield)
rNeg     . . .     Faith    .   (helmet restricted)
rPois    .         Spirit   +   g - amulet of guardian spirit
rElec    .         Reflect  .   (no ring)
rCorr    .         Harm     .   (no ring)
MR       .....                  (no ring)
Stlth    ++........             (no ring)
HPRegen  0.09/turn              (no ring)
MPRegen  0.10/turn              (no ring)
                                (no ring)
                                (no ring)

@: no status effects
A: almost no armour, stealthy swim, amphibious, 8 rings, constrict 8, camouflage
1, gelatinous body 1
a: no special abilities


You were on level 4 of the Dungeon.
You were not hungry.

You visited 1 branch of the dungeon, and saw 4 of its levels.

You collected 96 gold pieces.

Inventory:

Missiles
 a - 66 arrows
Jewellery
 g - an amulet of guardian spirit (around mantle)
Wands
 i - a wand of paralysis (15/24)
Scrolls
 d - a scroll of identify
 e - a scroll of fear
 f - a scroll of magic mapping
Books
 b - a book of Changes

   Spells                             Type                      Level
   a - Beastly Appendage              Transmutation                1
   b - Sticks to Snakes               Transmutation                2
   c - Spider Form                    Transmutation/Poison         3
   d - Ice Form                       Ice/Transmutation            4
   e - Blade Hands                    Transmutation                5
Comestibles
 l - a meat ration
 n - 2 bread rations


   Skills:
 + Level 1.0 Fighting
 + Level 2.1 Dodging
 * Level 5.3 Unarmed Combat
 + Level 2.0 Spellcasting
 + Level 2.2 Transmutations


You had 6 spell levels left.
You knew the following spells:

 Your Spells              Type           Power        Failure   Level  Hunger
a - Beastly Appendage     Tmut           #.....       9%          1    #......


Dungeon Overview and Level Annotations

Branches:
Dungeon (4/15)
 Temple: D:4-7

Altars:
Fedhas
Trog
Uskayaw

Annotations:
D:2 Sigmund
D:3 tof's ghost, amateur MiMo
D:4 Eustachio


Innate Abilities, Weirdness & Mutations

You cannot wear most types of armour.
You are very stealthy in the water. (Stealth+)
You are amphibious.
You can wear up to eight rings at the same time.
You can use your tentacles to constrict eight enemies at once.
Your skin changes colour to match your surroundings (Stealth+).
Your rubbery body absorbs attacks. (AC +1, EV +1)


Message History

The white imp gestures at you. The puff of frost hits you!
* * * LOW HITPOINT WARNING * * *
You closely miss the white imp. Your grab misses the white imp.
The white imp barely misses you.
As you read the scroll of identify, it crumbles to dust.
f - a scroll of magic mapping The white imp disappears in a puff of smoke!
The bat misses you.
Okay, then.
As you read the scroll labeled QONLUSTR TIDYRE, it crumbles to dust.
You feel blessed for a moment.
It was a scroll of remove curse.
The river rat bites you but does no damage.
As you read the scroll labeled YTUOGE BOTOCVU, it crumbles to dust.
You hear a loud clanging noise!
It was a scroll of noise.
You hear a shout!
Eustachio casts a spell.
Eustachio blinks!
The river rat bites you!
You die...

#...# ##.#.#############
.................o .
........#.r5###########..
.......###.b.@5##........
..##..####.###r##........
.. #...##..###.##........
. #._......##5##........
.......##....#br@........
...?..##...#.####..@.....
###... #...#.# #######..
#.. .....#.# ##......##.#
#########.# #.########
#........# ########.#


You could see Eustachio, a river rat, a shadow imp and a bat.

Vanquished Creatures
  An orc wizard (D:3)
  2 adders
  An ooze (D:4)
  A worm (D:2)
  2 dart slugs (D:1)
  4 leopard geckos
  2 orcs (D:3)
  4 giant cockroaches
  7 hobgoblins
  A quokka (D:3)
  2 ball pythons
  8 bats
  5 frilled lizards
  6 goblins
  4 kobolds
  6 rats
56 creatures vanquished.

Notes
Turn   | Place    | Note
-------+----------+-------------------------------------------
     0 | D:1      | gungr the Octopode Transmuter began the quest for the Orb.
     0 | D:1      | Reached XP level 1. HP: 13/13 MP: 3/3
   206 | D:1      | Reached XP level 2. HP: 18/18 MP: 5/5
   298 | D:1      | Reached skill level 4 in Unarmed Combat
   520 | D:1      | Reached XP level 3. HP: 22/23 MP: 6/6
   668 | D:2      | Found a hide-covered altar of Uskayaw.
   668 | D:2      | Noticed Sigmund
   679 | D:2      | Noticed a hand axe
   679 | D:2      | Noticed a hand axe
  1744 | D:2      | Reached XP level 4. HP: 28/28 MP: 7/7
  1789 | D:3      | Noticed tof's ghost (amateur MiMo)
  1897 | D:3      | Reached skill level 5 in Unarmed Combat
  2115 | D:3      | Paralysed by a goblin for 6 turns
  2415 | D:3      | Found a bloodstained altar of Trog.
  2512 | D:3      | Found a blossoming altar of Fedhas.
  2842 | D:4      | Found a bloodstained altar of Trog.
  2847 | D:4      | Noticed Eustachio
  2931 | D:4      | Slain by a river rat

Vault maps used:
D:1:      minmay_arrival_four_loops
D:2:      dancing_weapons_uskayaw, first_bread, uniq_sigmund
D:3:      bloody_trog, overflow_temple_1_default,
          nicolae_overflow_hidden_temple, portal_sewer_entry_e
D:4:      nicolae_ossuary_entry_monument, trog_three_pillars_becter,
          uniq_crazy_yiuf_cottage, uniq_menkaure, uniq_eustachio, uniq_natasha

Skill      XL: |  1  2  3  4 |
---------------+-------------+-----
Unarmed Combat | 4 5 |  5.3
Fighting       | |  1.0
Dodging        | |  2.1
Spellcasting   | |  2.0
Transmutations | |  2.2

Action                   |  1- 3 |  4- 6 || total
-------------------------+-------+-------++-------
Melee: Unarmed           |    88 |    57 ||   145
       Constrict         |    30 |    10 ||    40
       Tentacles         |    10 |     8 ||    18
       Punch             |     1 |     2 ||     3
 Cast: Beastly Appendage |       |     1 ||     1
  Use: Potion            |     2 |     8 ||    10
       Scroll            |       |     7 ||     7
 Stab: Sleeping          |     6 |     4 ||    10
  Eat: Bread ration      |     1 |     1 ||     2
Armor: Skin              |     7 |     9 ||    16
Dodge: Dodged            |    62 |    78 ||   140

Table legend:
 A = Spawn XP
 B = Non-spawn XP
 C = Spawn XP percentage of total XP
 D = Spawn monster count
 E = Non-spawn monster count
 F = Spawn count percentage of total count
 G = Total turns spent on level
                    A         B        C        D         E        F      G
               +---------+---------+-------+---------+---------+-------+---------
         Total |       0 |     164 |   0.0 |       0 |      56 |   0.0 |  2931
               +---------+---------+-------+---------+---------+-------+---------
           D:1 |       0 |      41 |   0.0 |       0 |      22 |   0.0 |   943
           D:2 |       0 |      41 |   0.0 |       0 |      17 |   0.0 |   846
           D:3 |       0 |      75 |   0.0 |       0 |      16 |   0.0 |  1031
           D:4 |       0 |       7 |   0.0 |       0 |       1 |   0.0 |   111
               +---------+---------+-------+---------+---------+-------+---------
